 Dungeon Crawl Stone Soup version 0.22-a0-268-g1cc83ef (webtiles) character file.

16 tidbits the Insei (level 2, 6/23 HPs)
             Began as a Gnoll Transmuter on Mar 9, 2018.
             Quit the game on level 4 of the Dungeon.
             The game lasted 00:01:43 (223 turns).

tidbits the Insei (Gnoll Transmuter)                 Turns: 223, Time: 00:01:43

Health: 6/23       AC:  2    Str: 12    XL:     2   Next: 58%
Magic:  5/7        EV: 14    Int: 15    God:
Gold:   10         SH:  0    Dex: 15    Spells: 7/10 levels left

rFire    . . .     SeeInvis .     - Unarmed
rCold    . . .     Gourm    .   (no shield)
rNeg     . . .     Faith    .   b - +0 robe
rPois    .         Spirit   .   (no helmet)
rElec    .         Reflect  .   (no cloak)
rCorr    .         Harm     .   (no gloves)
MR       .....                  (boots currently unavailable)
Stlth    +.........             (no amulet)
HPRegen  0.07/turn              (no ring)
MPRegen  0.10/turn              (no ring)

@: confused, appendage (expiring)
A: distributed training, fangs 1, talons 3, strong nose
a: End Transformation


You were on level 4 of the Dungeon.
You were full.
You had grown temporary talons.
You visited 1 branch of the dungeon, and saw 4 of its levels.

You collected 10 gold pieces.

Inventory:

Hand Weapons
 c - a +0 short sword
 g - a +0 dagger
Missiles
 a - 10 arrows
 e - 2 stones (quivered)
Armour
 b - a +0 robe (worn)
Scrolls
 f - a scroll of teleportation {unknown}
 h - a scroll of immolation {unknown}
 i - a scroll of fog {unknown}
Comestibles
 d - a ration


   Skills:
 + Level 2.5 Fighting
 + Level 0.4 Short Blades
 + Level 0.4 Long Blades
 + Level 0.4 Axes
 + Level 0.4 Maces & Flails
 + Level 0.4 Polearms
 + Level 0.4 Staves
 + Level 0.4 Slings
 + Level 0.4 Bows
 + Level 0.4 Crossbows
 + Level 0.4 Throwing
 + Level 0.4 Armour
 + Level 4.5 Dodging
 + Level 0.4 Stealth
 + Level 0.4 Shields
 + Level 6.5 Unarmed Combat
 + Level 4.9 Spellcasting
 + Level 0.2 Conjurations
 + Level 0.2 Hexes
 + Level 0.2 Charms
 + Level 0.2 Summonings
 + Level 0.2 Necromancy
 + Level 0.2 Translocations
 + Level 3.7 Transmutations
 + Level 0.2 Fire Magic
 + Level 0.2 Ice Magic
 + Level 0.2 Air Magic
 + Level 0.2 Earth Magic
 + Level 0.2 Poison Magic
 + Level 0.5 Invocations
 + Level 0.4 Evocations


You had 7 spell levels left.
You knew the following spells:

 Your Spells              Type           Power        Failure   Level  Hunger
e - Beastly Appendage     Tmut           ##....       3%          1    None
k - Sticks to Snakes      Tmut           ##......     5%          2    ##.....


Dungeon Overview and Level Annotations

Branches:
Dungeon (4/15)
 Temple: D:4-7

Altars:
Uskayaw


Innate Abilities, Weirdness & Mutations

Your experience applies equally to all skills.
You have very sharp teeth.
Your uncanny sense of smell can sniff out nearby items.
You have claws for feet.


Message History

A dart slug comes into view.
Memorise Sticks to Snakes, consuming 2 spell levels and leaving 7?
You start memorising the spell.
You continue memorising. x2
Your talons disappear.
Magic restored.
You finish memorising.
Spell assigned to 'k'.
Casting: Beastly Appendage (safe; 3% risk of failure)
Confirm with . or Enter, or press ? or * to list all spells.
Your feet morph into talons.
The dart slug launches a dart at you. The slug dart hits you!
The dart slug closely misses you.
You hit the dart slug but do no damage. You claw the dart slug.
The dart slug is lightly wounded.
You hit the dart slug.
You claw the dart slug, but do no damage.
The dart slug is moderately wounded.
The dart slug bites you.
* * * LOW HITPOINT WARNING * * *
You hit the dart slug.
You kill the dart slug!
Your transformation is almost over.
Your talons disappear.
Found an escape hatch in the floor.
A worm comes into view.
Casting: Beastly Appendage (safe; 3% risk of failure)
Confirm with . or Enter, or press ? or * to list all spells.
You grow a pair of large bovine horns.
Casting: Beastly Appendage (safe; 3% risk of failure)
Confirm with . or Enter, or press ? or * to list all spells.
You create a snake!
You now have 11 arrows.
The worm misses you.
A worm comes into view.
The worm bites you!
* * * LOW HITPOINT WARNING * * *
There is an escape hatch in the floor here.
You hit the worm. You headbutt the worm. You bite the worm.
The worm is heavily wounded.
Your adder bites the worm.
You hit the worm but do no damage. You bite the worm.
The worm is severely wounded.
Your adder bites the worm.
The worm bites you.
* * * LOW HITPOINT WARNING * * *
You barely miss the worm.
The worm is almost dead.
Your adder bites the worm.
The worm dies!
You aren't carrying any potions.
You slide downwards.
The hatch slams shut behind you.
Your summoned ally is left behind.
A frilled lizard comes into view.
Your transformation is almost over.
Found a scroll labeled WECECHI FACY.
Found a cyan potion.
You see here a scroll labeled WECECHI FACY.
h - a scroll labeled WECECHI FACY Your horns disappear.
Found a fuming blue potion.
You see here a cyan potion.
It was a potion of cancellation.
You feel magically purged.
Found a stone staircase leading down.
You see here a fuming blue potion.
It was a potion of magic.
Magic courses through your body.
There is a stone staircase leading down here.
There is a stone staircase leading down here.
You climb downwards.
An orc comes into view. It is wielding a hand axe.
Found 7 gold pieces, 8 poisoned needles and a scroll labeled KYBBEU OGEYRRE.
There is a stone staircase leading up here.
As you open the door, it creaks loudly!
You hear a shout! x3
You see here 8 poisoned needles.
You see here a scroll labeled KYBBEU OGEYRRE.
i - a scroll labeled KYBBEU OGEYRRE
Casting: Sticks to Snakes (safe; 5% risk of failure)
Confirm with . or Enter, or press ? or * to list all spells.
Your feet morph into talons.
Casting: Beastly Appendage (safe; 3% risk of failure)
Confirm with . or Enter, or press ? or * to list all spells.
You create a snake!
You now have 10 arrows.
An orc wizard comes into view. It is wielding a dagger.
You closely miss the orc.
Your adder bites the orc but does no damage.
The orc closely misses you.
The orc hits your adder with a hand axe.
You closely miss the orc.
Your adder bites the orc.
You punch the orc!
You kill the orc!
An orc comes into view. It is wielding a whip.
The orc wizard points at you and mumbles some strange words.
You are confused.
You aren't carrying any potions.
Are you sure you want to stumble around while confused and next to your adder?
Okay, then.
Your adder misses the orc wizard.
The orc wizard hits your adder with a dagger.
An orc wizard comes into view. It is wielding a dagger.
Your transformation is almost over.
Your adder closely misses the orc wizard.
The orc wizard misses your adder.
An orc wizard comes into view. It is wielding a dagger.
Are you sure you want to abandon this character and quit the game? (Confirm with "yes".)

... #..#..<.# ...
##..#....##.. ....
+...'.........
.....##..#.....#...
.....##........# ##
..............##
#.....)......#
#............#
#......@So...#
#######+#..o.#
####.oo ... ∆ .. ∆


You could see 3 orc wizards, an orc and a friendly adder.

Vanquished Creatures
  A dart slug (D:2)
  A leopard gecko (D:2)
  An orc (D:4)
  2 bats (D:2)
  2 goblins (D:2)
  A kobold (D:2)
  A rat (D:2)
9 creatures vanquished.

Vanquished Creatures (collateral kills)
  A worm (D:2)
1 creature vanquished.

Grand Total: 10 creatures vanquished

Notes
Turn   | Place    | Note
-------+----------+-------------------------------------------
     0 | D:1      | tidbits the Gnoll Transmuter began the quest for the Orb.
     0 | D:1      | Reached XP level 1. HP: 17/17 MP: 6/6
    99 | D:2      | Noticed a dagger
    99 | D:2      | Noticed a dagger
   100 | D:2      | Found a hide-covered altar of Uskayaw.
   104 | D:2      | Reached XP level 2. HP: 15/23 MP: 5/7
   122 | D:2      | Learned a level 2 spell: Sticks to Snakes
   169 | D:2      | HP: 2/23 [worm (1)]
   223 | D:4      | Quit the game

Vault maps used:
D:1:      minmay_arrival_jagged
D:2:      dancing_weapons_uskayaw
D:3:      lemuel_crystal_altar, gammafunk_temple_overflow_forgotten,
          yredelemnul_forgotten_temple_becter, first_ration,
          kennysheep_generic_room_4
D:4:      minmay_temple_entry_grid, trog_three_pillars_becter

Action                   || total
-------------------------++-------
Melee: Unarmed           ||    26
       Kick              ||     5
       Headbutt          ||     2
       Bite              ||     3
 Cast: Beastly Appendage ||     7
       Sticks to Snakes  ||     2
  Use: Potion            ||     2
  Eat: Ration            ||     1
Armor: Robe              ||     1
Dodge: Dodged            ||    15

Table legend:
 A = Spawn XP
 B = Non-spawn XP
 C = Spawn XP percentage of total XP
 D = Spawn monster count
 E = Non-spawn monster count
 F = Spawn count percentage of total count
 G = Total turns spent on level
                    A         B        C        D         E        F      G
               +---------+---------+-------+---------+---------+-------+---------
         Total |       0 |      24 |   0.0 |       0 |      10 |   0.0 |   223
               +---------+---------+-------+---------+---------+-------+---------
           D:2 |       0 |      21 |   0.0 |       0 |       9 |   0.0 |   166
           D:4 |       0 |       3 |   0.0 |       0 |       1 |   0.0 |    20
               +---------+---------+-------+---------+---------+-------+---------

Table legend:
 A = Turns spent in this place as a percentage of turns spent in the entire game.
 B = Non-inter-level travel turns spent in this place as a percentage of non-inter-level travel turns spent in the entire game.
 C = Inter-level travel turns spent in this place as a percentage of turns spent in this place.
 D = Turns resting spent in this place as a percentage of non-inter-level travel turns spent in this place.
 E = Turns spent auto-exploring this place as a percentage of non-inter-level travel turns spent in this place.
 F = Non-inter-level travel turns spent in this place divided by the number of levels of this place that you've seen.
                   A       B       C       D       E      F
               +-------+-------+-------+-------+-------+----------------------
         Total | 100.0 | 100.0 |   0.0 |   0.0 |   0.0 |  55.8
       Dungeon | 100.0 | 100.0 |   0.0 |   0.0 |   0.0 |  55.8
               +-------+-------+-------+-------+-------+----------------------

Table legend:
 A = Kills in this place as a percentage of kills in entire the game.
 B = Kills by you in this place as a percentage of kills by you in the entire game.
 C = Kills by friends in this place as a percentage of kills by friends in the entire game.
 D = Other kills in this place as a percentage of other kills in the entire game.
 E = Experience gained in this place as a percentage of experience gained in the entire game.
 F = Experience gained in this place divided by the number of levels of this place that you have seen.
                   A       B       C       D       E      F
               +-------+-------+-------+-------+-------+----------------------
         Total | 100.0 | 100.0 | 100.0 |   N/A | 100.0 |   6.0
       Dungeon | 100.0 | 100.0 | 100.0 |   N/A | 100.0 |   6.0
               +-------+-------+-------+-------+-------+----------------------

Vault maps used:
D:1:      minmay_arrival_jagged
D:2:      dancing_weapons_uskayaw
D:3:      lemuel_crystal_altar, gammafunk_temple_overflow_forgotten,
          yredelemnul_forgotten_temple_becter, first_ration,
          kennysheep_generic_room_4
D:4:      minmay_temple_entry_grid, trog_three_pillars_becter
